 Dungeon Crawl Stone Soup version 0.29-a0-275-g389c0b56f3 (webtiles) character file.

Game seed: 9386031331197636064

16 sanka the Insei (level 2, 29/29 HPs)
             Began as a Gnoll Monk on Mar 10, 2022.
             Was a Priest of Zin.
             Quit the game on level 2 of the Dungeon.
             The game lasted 00:01:30 (887 turns).

sanka the Insei (Gnoll Monk)                         Turns: 887, Time: 00:01:30

Health: 29/29      AC:  3    Str: 10    XL:     2   Next: 54%
Magic:  2/2        EV: 15    Int:  9    God:    Zin [***...]
Gold:   38         SH:  0    Dex: 14    Spells: 1/1 levels left

rFire   . . .      SeeInvis .     - Unarmed
rCold   . . .      Faith    .   (no shield)
rNeg    . . .      Spirit   .   a - +0 robe
rPois   .          Reflect  .   (no helmet)
rElec   .          Harm     .   (no cloak)
rCorr   +          Rampage  .   l - +0 pair of gloves
Will    .....                   (no boots)
Stlth   +++.......              (no amulet)
HPRegen 0.09/turn               (no ring)
MPRegen 0.08/turn               k - ring of resist corrosion

@: no status effects
A: fangs 1, strong nose, distributed training
a: Renounce Religion, Recite, Vitalisation, Imprison, Donate Gold


You were on level 2 of the Dungeon.
You worshipped Zin.
Zin was most pleased with you.
You visited 1 branch of the dungeon, and saw 2 of its levels.

You collected 42 gold pieces.
You donated 4 gold pieces to Zin.


Innate Abilities, Weirdness & Mutations

You have very sharp teeth.
Your uncanny sense of smell can sniff out nearby items.
Your experience applies equally to all skills.


   Skills:
 + Level 6.5 Fighting
 + Level 0.4 Short Blades
 + Level 0.4 Long Blades
 + Level 0.4 Axes
 + Level 0.4 Maces & Flails
 + Level 0.4 Polearms
 + Level 0.4 Staves
 + Level 0.4 Slings
 + Level 0.4 Bows
 + Level 0.4 Crossbows
 + Level 0.4 Throwing
 + Level 0.4 Armour
 + Level 6.5 Dodging
 + Level 4.1 Stealth
 + Level 0.4 Shields
 + Level 6.5 Unarmed Combat
 + Level 0.4 Spellcasting
 + Level 0.2 Conjurations
 + Level 0.2 Hexes
 + Level 0.2 Summonings
 + Level 0.2 Necromancy
 + Level 0.2 Translocations
 + Level 0.2 Transmutations
 + Level 0.2 Fire Magic
 + Level 0.2 Ice Magic
 + Level 0.2 Air Magic
 + Level 0.2 Earth Magic
 + Level 0.2 Poison Magic
 + Level 0.5 Invocations
 + Level 0.4 Evocations


You had one spell level left.
You didn't know any spells.
Your spell library was empty.

Inventory:

Missiles
 f - 3 poisoned darts (quivered)
Armour
 a - a +0 robe (worn)
 l - a +0 pair of gloves (worn)
Jewellery
 k - a ring of resist corrosion (right hand)
Scrolls
 d - a scroll of teleportation {unknown}
 g - 2 scrolls of amnesia {unknown}
 h - a scroll of magic mapping {unknown}
 i - 2 scrolls of identify {unknown}
Potions
 b - 2 potions of ambrosia
 c - a potion of degeneration {unknown}
 e - a potion of haste {unknown}
 j - a potion of curing {unknown}

Dungeon Overview and Level Annotations

Branches:
Dungeon (2/15)

Altars:
Zin

▒▒▒▒▒
▒▒8g8▒▒
▒.....▒
▒▒.....▒▒
▒.......▒
▒..8.8..▒
▒.......▒
▒▒.....▒▒
▒.....▒ .
▒▒.8.▒▒
▒▒▒▒..


There were no monsters in sight!


Message History

The stone hits you. The kobold closely misses you.
You punch the kobold!
You kill the kobold!
You hit the hobgoblin.
The hobgoblin is heavily wounded.
You barely miss the hobgoblin. You bite the hobgoblin.
The hobgoblin is almost dead.
The hobgoblin hits you.
You punch the hobgoblin!
You kill the hobgoblin!
No target in view!
You start resting.
HP restored.
Items here: ( ) ††.
Found a faded altar of an unknown god.
g - 2 scrolls labelled VIGIOG QOIG (gained 1)
There is a faded altar of an unknown god here.
You cannot tell which god this altar belongs to.
Convert to them anyway?
Zin accepts your prayer! Zin welcomes you!
You can now recite Zin's Axioms of Law.
You can now call upon Zin for vitalisation.
You pay a tithe of 4 gold.
You can now donate money to Zin.
You can now call upon Zin to imprison the lawless.
Unknown command.
Press < or > to pray at altars.
Are you sure you want to abandon this character and quit the game? (Confirm with "yes".)

Action                   || total
-------------------------++-------
Melee: Unarmed           ||    51
       Punch             ||     2
       Bite              ||     2
Armor: Robe              ||     5
Dodge: Dodged            ||    22

Levels and vault maps discovered:
D:1:      nagdon_arrival_zigzag_paths, layout_basic
D:2:      layout_rooms, hellmonk_ecumenical_altar_prayer_group

Notes
Turn   | Place    | Note
-------+----------+-------------------------------------------
     0 | D:1      | sanka the Gnoll Monk began the quest for the Orb.
     0 | D:1      | Reached XP level 1. HP: 23/23 MP: 1/1
   246 | D:1      | Reached XP level 2. HP: 29/29 MP: 2/2
   877 | D:2      | Found a faded altar of an unknown god.
   886 | D:2      | Prayed at the altar of an unknown god.
   886 | D:2      | Became a worshipper of Zin the Law-Giver
   886 | D:2      | Reached * piety under Zin
   886 | D:2      | Reached ** piety under Zin
   886 | D:2      | Reached *** piety under Zin
   887 | D:2      | Quit the game

Vanquished Creatures
  A goblin (D:1)
  5 hobgoblins
  4 kobolds
  2 bats (D:1)
  A rat (D:1)
13 creatures vanquished.

Vanquished Creatures (others)
  14 plants (D:1)
14 creatures vanquished.

Grand Total: 27 creatures vanquished
